 Dungeon Crawl Stone Soup version 0.20-a0-640-g62ed22f (webtiles) character file.

3731 Klosterheim the Thaumaturge (level 9, -1/62 HPs)
             Began as a White Draconian Wizard on Feb 12, 2017.
             Was a Believer of Sif Muna.
             Slain by an orc warrior
             ... wielding a +0 short sword
              (17 damage)
             ... on level 8 of the Dungeon.
             The game lasted 00:22:43 (11653 turns).

Klosterheim the Thaumaturge (DrWz)                 Turns: 11653, Time: 00:22:44

Health: -1/62      AC:  9    Str: 10    XL:     9   Next: 92%
Magic:  15/23      EV: 12    Int: 21    God:    Sif Muna [**....]
Gold:   436        SH:  0    Dex: 10    Spells: 20/28 levels left

rFire    . . .     SeeInvis .   m - +1 great sword
rCold    + . .     Gourm    .   (armour unavailable)
rNeg     . . .     Faith    +   (shield currently unavailable)
rPois    .         Spirit   .   a - +0 hat
rElec    .         Reflect  .   (no cloak)
rCorr    .         Harm     .   h - +1 pair of gloves
MR       .....                  (no boots)
Stlth    +++.......             p - amulet of faith
Regen    0.2/turn               A - ring of stealth
MPRegen  0.2/turn               (no ring)

@: very slightly contaminated
A: breathe frost, unfitting armour, cold resistance 1, cold-blooded, AC +7
a: Breathe Frost, Divine Energy, Renounce Religion


You were on level 8 of the Dungeon.
You worshipped Sif Muna.
Sif Muna was pleased with you.
You were hungry.

You visited 2 branches of the dungeon, and saw 9 of its levels.
You also visited: Ossuary.

You collected 436 gold pieces.

Inventory:

Hand Weapons
 m - a +1 great sword (weapon)
Armour
 a - a +0 hat (worn)
 h - a +1 pair of gloves (worn)
Jewellery
 p - an amulet of faith (around neck)
 A - a ring of stealth (right hand)
Wands
 n - a wand of random effects (29/48)
 r - a wand of flame (19/48)
 C - a wand of iceblast (15/15)
 E - a wand of polymorph (17/24)
Scrolls
 f - a scroll of fear
 i - 2 scrolls of recharging
 k - a scroll of enchant weapon
 q - 5 scrolls of teleportation
 u - a scroll of fog {unknown}
 y - 3 scrolls of remove curse
 F - 2 scrolls of amnesia
Potions
 e - a potion of lignification
 s - a potion of flight
 t - 5 potions of curing
 v - a potion of cancellation
 w - 2 potions of heal wounds
 z - 3 potions of ambrosia
 D - a potion of magic
 G - a potion of mutation {unknown}
 I - 2 potions of might
Books
 b - a book of Minor Magic

   Spells                             Type                      Level
   a - Magic Dart                     Conjuration                  1
   b - Blink                          Translocation                2
   c - Call Imp                       Summoning                    2
   d - Slow                           Hexes                        2
   e - Conjure Flame                  Conjuration/Fire             3
   f - Mephitic Cloud                 Conjuration/Poison/Air       3
 l - a book of Transfigurations

   Spells                             Type                      Level
   a - Irradiate                      Conjuration/Transmutation    5
   b - Statue Form                    Transmutation/Earth          6
   c - Hydra Form                     Transmutation                6
   d - Dragon Form                    Transmutation                7
Comestibles
 c - 6 bread rations
 j - 11 fruits
 o - a royal jelly
 H - a meat ration


   Skills:
 - Level 1.7 Dodging
 - Level 1.7 Stealth
 - Level 10.0 Spellcasting
 + Level 9.8 Conjurations
 - Level 1.0 Summonings
 - Level 1.0 Translocations


You had 20 spell levels left.
You knew the following spells:

 Your Spells              Type           Power        Failure   Level  Hunger
a - Magic Dart            Conj           ####         1%          1    None
b - Mephitic Cloud        Conj/Pois/Air  ###.....     6%          3    None
c - Call Imp              Summ           ##......     8%          2    None
d - Blink                 Tloc           N/A          8%          2    None


Dungeon Overview and Level Annotations

Branches:
Dungeon (8/15)             Temple (1/1) D:6            Lair (0/6) D:8

Altars:
Cheibriados
Dithmenos
Elyvilon
Fedhas
Gozag
Hepliaklqana
Kikubaaqudgha
Makhleb
Nemelex Xobeh
Okawaru
Qazlal
Ru
Sif Muna
Trog
Uskayaw
Vehumet
Xom
Yredelemnul
Zin
The Shining One

Annotations:
D:3 Grinder


Innate Abilities, Weirdness & Mutations

You can breathe waves of freezing cold.
You can buffet flying creatures when you breathe cold.
Your icy white scales are hard. (AC +7)
You cannot fit into any form of body armour.
Your flesh is cold resistant. (rC+)
You are cold-blooded and may be slowed by cold attacks.


Message History

The orc warrior hits you with a short sword!
* * * LOW HITPOINT WARNING * * *
Casting: Magic Dart
Confirm with . or Enter, or press ? or * to list all spells.
Aiming: Mephitic Cloud
Press: ? - help, Shift-Dir - straight line, f/p - orc warrior
Aim: an orc warrior, wielding a short sword and wearing a plate armour (lightly wounded)
Okay, then.
Casting: Mephitic Cloud
Confirm with . or Enter, or press ? or * to list all spells.
You miscast Blink.
You are very lightly contaminated with residual magic.
You feel uncomfortable. The orc warrior barely misses you.
You riposte.
You closely miss the orc warrior.
The orc warrior is lightly wounded.
Casting: Blink
Confirm with . or Enter, or press ? or * to list all spells.
You miscast Blink.
Strange energies run through your body.
The orc warrior hits you with a short sword!
You die...

########P..PP......##'####...
#..........P.PP....#........
#.......P.......)P.#........
#.....PP.P.P.......'........
#.....PPP.####P.P..#........
#.........#.>#...P..........
#.....P...#..#P.P......##...
#...!..P.P#o##PP.P.#...##...
#'###.P...P@P.....P#...##..<
######.#............P..##...##...
.).....#(..P.P.P.....P..#........
.......#........P.......#........
.......#.....#.PP..P).).#........
###....#.....#..........#........
.#######.....#..........#.>.##...
..#)...'.....#..........#...##...
..#....#.....#######..###...##...


You could see an orc warrior.

Vanquished Creatures
  A hippogriff (D:8)
  Sigmund (D:6)
  A spriggan (D:7)
  Duvessa (D:5)
  2 water moccasins (D:8)
  A black bear (D:8)
  3 ice beasts
  3 sky beasts (D:7)
  2 centaurs
  Blork the orc (D:6)
  3 bullfrogs
  A gnoll sergeant (D:7)
  9 scorpions
  Dowan (D:5)
  A howler monkey (D:8)
  4 crimson imps
  2 centaur zombies (D:5)
  2 hounds
  2 jellies (D:8)
  An orc priest (D:6)
  A centaur skeleton (D:8)
  5 orc wizards
  3 iguanas
  5 worker ants
  A big kobold zombie (Ossuary)
  A hound zombie (D:5)
  A hound skeleton (D:7)
  3 mummies (Ossuary)
  12 gnolls
  4 scorpion zombies (Ossuary)
  6 adders
  A shadow imp (D:7)
  An ooze (D:1)
  3 adder skeletons
  A dart slug (D:1)
  2 leopard geckos
  13 orcs
  2 giant cockroaches
  A gnoll zombie (Ossuary)
  8 goblins
  7 hobgoblins
  6 jackals
  3 kobolds
  A quokka (D:5)
  3 bats
  4 frilled lizards
  A giant cockroach zombie (D:5)
  3 goblin zombies (Ossuary)
  A kobold zombie (Ossuary)
  A leopard gecko skeleton (D:4)
  3 rats
149 creatures vanquished.

Vanquished Creatures (collateral kills)
  A yak (D:8)
  An orc warrior (D:6)
  A hound (D:8)
  2 orc priests (D:4)
  An orc (D:4)
6 creatures vanquished.

Vanquished Creatures (others)
  2 scorpions (Ossuary)
  A centaur zombie (Ossuary)
  A fungus (D:8)
4 creatures vanquished.

Grand Total: 159 creatures vanquished

Notes
Turn   | Place    | Note
-------+----------+-------------------------------------------
     0 | D:1      | Klosterheim the Draconian Wizard began the quest for the Orb.
     0 | D:1      | Reached XP level 1. HP: 14/14 MP: 4/4
   183 | D:1      | Reached XP level 2. HP: 11/20 MP: 0/6
  1515 | D:2      | Reached XP level 3. HP: 26/26 MP: 2/7
  2041 | D:3      | Noticed Grinder
  2402 | D:4      | Found a sand-covered staircase.
  2427 | D:4      | HP: 1/26 [iguana (5)]
  2428 | D:4      | Reached XP level 4. HP: 2/33 MP: 8/8
  2614 | Ossuary  | Entered an ossuary
  2839 | Ossuary  | Reached skill level 5 in Conjurations
  2839 | Ossuary  | Reached XP level 5. HP: 11/38 MP: 0/9
  2844 | Ossuary  | HP: 1/57 [poisoned by a scorpion]
  3995 | Ossuary  | Reached XP level 6. HP: 28/45 MP: 7/10
  4258 | Ossuary  | Learned a level 3 spell: Mephitic Cloud
  4261 | Ossuary  | Learned a level 2 spell: Call Imp
  4264 | Ossuary  | Learned a level 2 spell: Blink
  4880 | D:4      | Your scales start taking on an icy white colour.
  4880 | D:4      | Reached XP level 7. HP: 48/50 MP: 5/11
  4880 | D:4      | Gained mutation: Your flesh is cold resistant. (rC+) [White Draconian growth]
  5816 | D:5      | Entered Level 5 of the Dungeon
  5818 | D:5      | Noticed Duvessa
  5818 | D:5      | Noticed Dowan
  6360 | D:5      | Killed Dowan
  6465 | D:5      | Killed Duvessa
  6880 | D:6      | Reached XP level 8. HP: 57/57 MP: 4/12
  7654 | D:5      | Reached skill level 4 in Spellcasting
  8108 | D:6      | Found a staircase to the Ecumenical Temple.
  8114 | D:6      | Noticed Sigmund
  8116 | Temple   | Entered the Ecumenical Temple
  8337 | Temple   | Became a worshipper of Sif Muna the Loreminder
  8395 | Temple   | Reached skill level 5 in Spellcasting
  8488 | D:7      | Reached skill level 6 in Spellcasting
  9015 | D:7      | Reached skill level 7 in Spellcasting
  9123 | D:7      | Reached * piety under Sif Muna
  9188 | D:7      | Reached XP level 9. HP: 62/62 MP: 8/20
  9357 | D:6      | Noticed Blork the orc
  9377 | D:6      | Killed Blork the orc
  9584 | D:6      | Killed Sigmund
  9694 | D:6      | Reached skill level 8 in Spellcasting
  9849 | D:6      | Found a deep blue altar of Sif Muna.
 10544 | D:7      | Reached skill level 9 in Spellcasting
 10564 | D:7      | Found a snail-covered altar of Cheibriados.
 10783 | D:8      | Reached ** piety under Sif Muna
 10896 | D:8      | Found a bloodstained altar of Trog.
 11245 | D:8      | Reached skill level 10 in Spellcasting
 11646 | D:8      | Found a staircase to the Lair.
 11653 | D:8      | Slain by an orc warrior

Vault maps used:
D:1:      minmay_arrival_cross
D:2:      minmay_misc_feat_pillars
D:3:      uniq_grinder
D:4:      lightli_ossuary_entry_decrepit_ruins
D:5:      first_bread, uniq_duvessa
D:6:      kennysheep_orc_sif_temple, minmay_temple_entry_glass,
          minmay_misc_feat_tower, uniq_sigmund, uniq_blork_the_orc
D:7:      lemuel_doored_altar, the_bakery
D:8:      nicolae_overflow_crystal_walls, grunt_lair_entry_orc_guard_hut
Temple:   dpeg_five_rooms_temple
Ossuary:  ossuary_minmay_scorpions

Skill      XL: |  1  2  3  4  5  6  7  8  9 |
---------------+----------------------------+-----
Conjurations   | 2 3 4 5 6 7 9 |  9.8
Spellcasting   | 7 10 | 10.0
Dodging        | |  1.7
Stealth        | |  1.7
Summonings     | |  1.0
Translocations | |  1.0

Action                   |  1- 3 |  4- 6 |  7- 9 || total
-------------------------+-------+-------+-------++-------
Melee: Unarmed           |    39 |       |       ||    39
       Tailslap          |     6 |     4 |    13 ||    23
       Great sword       |    12 |    39 |   104 ||   155
 Cast: Magic Dart        |    82 |    92 |   444 ||   618
       Mephitic Cloud    |       |     1 |    10 ||    11
       Call Imp          |       |     1 |     8 ||     9
       Blink             |       |       |     6 ||     6
 Abil: Breathe Frost     |       |       |     2 ||     2
  Use: Scroll            |     1 |       |    18 ||    19
       Potion            |       |     3 |     5 ||     8
 Stab: Sleeping          |     1 |       |     2 ||     3
       Distracted        |       |     1 |       ||     1
  Eat: Chunk             |     4 |     1 |    15 ||    20
       Bread ration      |       |     1 |     1 ||     2
       Royal jelly       |       |     1 |     1 ||     2
       Fruit             |       |       |     1 ||     1
Armor: Skin              |    16 |    30 |   131 ||   177
Dodge: Dodged            |    37 |    65 |   158 ||   260
       Rpst.: Great sword |     2 |    16 |    50 ||    68
